 Dungeon Crawl Stone Soup version 0.25-a0-426-g7d9e569eea (webtiles) character file.

Game seed: 15773523075867308822, levelgen mode: deterministic

11972 kae the Martial Artist (level 11, -19/104 HPs)
             Began as a Yellow Draconian Transmuter on Jan 24, 2020.
             Was an Elder of Uskayaw.
             Demolished by an orc warrior
             ... wielding a cursed -3 trident
              (21 damage)
             ... on level 10 of the Dungeon.
             The game lasted 00:16:33 (13410 turns).

kae the Martial Artist (DrTm)                      Turns: 13410, Time: 00:16:33

Health: -19/104    AC: 11    Str: 13    XL:     11   Next: 56%
Magic:  8/15       EV: 12    Int: 14    God:    Uskayaw [****..]
Gold:   606        SH:  5    Dex: 14    Spells: 5/16 levels left

rFire    . . .     SeeInvis .     - Unarmed
rCold    . . .     Gourm    .   (shield currently unavailable)
rNeg     . . .     Faith    .   (armour unavailable)
rPois    +         Spirit   .   (helmet restricted)
rElec    .         Reflect  +   r - +2 cloak {rPois}
rCorr    +         Harm     .   (gloves currently unavailable)
MR       +....                  p - +0 pair of boots
Stlth    ++........             u - +5 amulet of reflection
HPRegen  0.27/turn              w - ring of stealth
MPRegen  0.14/turn              z - ring "Idyodgh" {Wiz MR+}

@: blade hands, studying Unarmed Combat
A: spit acid, unfitting armour, cold-blooded, acid resistance, AC +7
a: Breathe Acid, End Transformation, Stomp, Line Pass, Renounce Religion


You were on level 10 of the Dungeon.
You worshipped Uskayaw.
Uskayaw was noncommittal.
You were very hungry.
You had blades for hands.
You visited 2 branches of the dungeon, and saw 11 of its levels.

You collected 606 gold pieces.

Inventory:

Hand Weapons
 l - a +1 long sword
Missiles
 a - 228 arrows
Armour
 p - a +0 pair of boots (worn)
 r - a +2 cloak of poison resistance (worn)
 v - a +2 pair of gloves (melded)
Magical Staves
 d - an uncursed staff of earth {unknown}
Jewellery
 u - a +5 amulet of reflection (around neck)
 w - a ring of stealth (left scythe-like blade)
 z - the ring "Idyodgh" (right scythe-like blade) {Wiz MR+}
   (You found it on level 7 of the Dungeon)

   [ring of wizardry]

   It improves your spell success rate.
   It affects your resistance to hostile enchantments.
 E - the amulet "Kycix" {RegenMP rPois}
   (You found it on level 9 of the Dungeon)

   [amulet of magic regeneration]

   It increases your magic regeneration.
   It protects you from poison.
Wands
 m - a wand of digging (4)
 n - a wand of enslavement (5)
 x - a wand of iceblast (11)
 A - a wand of acid (4)
Scrolls
 g - 4 scrolls of teleportation
 q - 2 scrolls of amnesia
 s - 7 scrolls of remove curse
 C - a scroll of enchant weapon
 F - a scroll of magic mapping
Potions
 b - a potion of invisibility
 e - 4 potions of curing
 f - 2 potions of mutation
 h - 2 potions of ambrosia
 i - 3 potions of flight
 j - 6 potions of degeneration
 k - 3 potions of lignification
 o - a potion of heal wounds
 t - 2 potions of brilliance {unknown}
 B - a potion of magic {unknown}
 H - a potion of might
Books
 y - a manual of Unarmed Combat
Miscellaneous
 D - a lightning rod (4/4)
Comestibles
 c - 19 rations
 G - 7 chunks of flesh


   Skills:
 + Level 12.2 Fighting
 - Level 1.7 Dodging
 + Level 13.0 Unarmed Combat
 - Level 3.2 Spellcasting
 - Level 9.0 Transmutations


You had 5 spell levels left.
You knew the following spells:

 Your Spells              Type           Power        Failure   Level  Hunger
a - Beastly Appendage     Tmut           ####..       4%          1    #......
b - Sticks to Snakes      Tmut           ####....     6%          2    ##.....
c - Spider Form           Tmut/Pois      ##........   21%         3    ###....
d - Blade Hands           Tmut           ####......   26%         5    ######.

Your spell library contained the following spells:

 Spells                   Type           Power        Failure   Level  Hunger
 Passwall                 Tmut/Erth      ##......     13%         2    ##.....
 Animate Skeleton         Necr           N/A          32%         1    #......
 Magic Dart               Conj           #...         32%         1    #......
 Pain                     Necr           #...         32%         1    #......
 Searing Ray              Conj           #.....       41%         2    ##.....
 Ice Form                 Ice/Tmut       ##......     41%         4    #####..
 Dazzling Flash           Conj/Hex       #.....       58%         3    ###....
 Vampiric Draining        Necr           #.........   58%         3    ###....
 Animate Dead             Necr           N/A          87%         4    #####..
 Fulminant Prism          Conj/Hex       #.........   87%         4    #####..
 Iskenderun's Mystic Bla  Conj/Tloc      #.......     87%         4    #####..
 Agony                    Necr           #.......     99%         5    ######.


Dungeon Overview and Level Annotations

Branches:
Dungeon (10/15)            Temple (1/1) D:4
   Lair: D:8-11         Orc: D:9-12

Altars:
Ashenzari
Cheibriados
Dithmenos
Elyvilon
Fedhas
Gozag
Hepliaklqana
Kikubaaqudgha
Makhleb
Nemelex Xobeh
Okawaru
Qazlal
Ru
Sif Muna
Trog
Uskayaw
Vehumet
Wu Jian
Xom
Yredelemnul
Zin
The Shining One

Shops:
D:5 (

Annotations:
D:3 2 transporters, Flubbersnuff's ghost, amateur MiBe
D:7 3 runed translucent doors, kae's ghost, novice DrAE
D:10 Sonja


Innate Abilities, Weirdness & Mutations

You can spit globs of acid.
Your golden yellow scales are hard. (AC +7)
You cannot fit into any form of body armour.
You are cold-blooded and may be slowed by cold attacks.
You are resistant to acid. (rCorr)


Message History

The orc is no longer paralysed. x3; The orc warrior closely misses you.
The orc wizard casts a spell.
The orc wizard blinks!
You block the orc warrior's attack. You block the orc's attack.
Items here: )) [ † a +0 dagger; a cursed -2 hand axe; a +0 leather armour; an orc corpse
There is an open door here.
Casting: Blade Hands (safe; 6% risk of failure)
Confirm with . or Enter, or press ? or * to list all spells.
Your hands turn into razor-sharp scythe blades.
Your +2 pair of gloves melds into your body.
The orc warrior hits you with a +0 long sword!!
* * * LOW HITPOINT WARNING * * *
The orc warrior hits you from afar with a cursed -3 trident!
* * * LOW HITPOINT WARNING * * *
You can no longer merge with and destroy a victim.
The orc warrior hits you with a +0 long sword!
* * * LOW HITPOINT WARNING * * *
The orc warrior hits you from afar with a cursed -3 trident!!
You die...

## #8## 8# ##...#...
############
######........
#..........#
###o)..)........
#..[.......#
#.ooo)oo.)......
#..........#
#o#....)#...#...
#..........###@#?....##.##
# ###..........'...#.....#
##
.............#####..(....
.#########+### ######'##
.≈≈..... .# ≈≈≈≈P..# .#
≈≈≈≈≈.## ≈≈..P... ≈.......


You could see 2 orc warriors and an orc.

Vanquished Creatures
  A hydra (D:9)
  A rakshasa (D:9)
  A two-headed ogre (D:9)
  An ugly thing (D:9)
  A manticore (D:9)
  3 trolls
  2 hornets (D:9)
  3 hippogriffs
  Sigmund (D:4)
  4 yaks (D:9)
  A wyvern (D:8)
  A hungry ghost (D:10)
  A vampire mosquito (D:9)
  A steam dragon (D:10)
  A swamp drake (D:10)
  2 ice beasts (D:9)
  7 orc warriors
  A black bear (D:10)
  8 ogres
  2 phantoms (D:9)
  An eye of draining (D:9)
  6 centaurs
  3 big kobolds
  A crocodile (D:6)
  16 bullfrogs
  A water moccasin zombie (D:8)
  7 scorpions
  5 killer bees (D:8)
  5 wights
  3 howler monkeys
  A quasit (D:7)
  4 crimson imps
  5 orc priests
  2 bullfrog skeletons
  4 hounds
  3 jellies
  12 orc wizards
  3 iguanas
  9 worker ants
  A killer bee zombie (D:6)
  2 hound skeletons
  A worker ant zombie (D:4)
  4 gnolls (D:5)
  14 adders
  3 shadow imps
  An ooze (D:1)
  3 adder zombies
  An adder skeleton (D:9)
  3 worms
  2 dart slugs
  8 leopard geckos
  60 orcs
  4 bats
  5 giant cockroaches
  6 goblins
  7 hobgoblins
  6 jackals
  10 quokkas
  A ball python (D:3)
  2 frilled lizards (D:1)
  A jackal skeleton (D:7)
  19 kobolds
  2 quokka skeletons
  8 rats
308 creatures vanquished.

Vanquished Creatures (collateral kills)
  An orc wizard (D:4)
1 creature vanquished.

Vanquished Creatures (others)
  A fungus (D:10)
  7 plants
8 creatures vanquished.

Grand Total: 317 creatures vanquished

Notes
Turn   | Place    | Note
-------+----------+-------------------------------------------
     0 | D:1      | kae the Draconian Transmuter began the quest for the Orb.
     0 | D:1      | Reached XP level 1. HP: 16/16 MP: 3/3
    93 | D:1      | Reached XP level 2. HP: 5/23 MP: 3/5
   655 | D:1      | Reached XP level 3. HP: 21/29 MP: 6/6
   850 | D:2      | Found a sacrificial altar of Ru.
   851 | D:2      | Found a glowing silver altar of Zin.
  1379 | D:2      | Found a stormy altar of Qazlal.
  1628 | D:2      | Learned a level 2 spell: Sticks to Snakes
  1632 | D:2      | Learned a level 3 spell: Spider Form
  2211 | D:3      | Reached XP level 4. HP: 36/36 MP: 3/7
  2399 | D:3      | Found a hazy altar of Hepliaklqana.
  2913 | D:3      | Reached XP level 5. HP: 30/42 MP: 5/9
  3100 | D:3      | Identified the cursed +1 spear of Paasch {pain, +Inv rF+
                  | Int-5}
  3108 | D:3      | Noticed Flubbersnuff's ghost (amateur MiBe)
  3331 | D:3      | Found a transporter.
  3331 | D:3      | Found a transporter.
  3727 | D:4      | Noticed an ogre
  3769 | D:4      | Noticed Sigmund
  3775 | D:4      | Found a staircase to the Ecumenical Temple.
  3783 | D:4      | Killed Sigmund
  3783 | D:4      | Reached skill level 4 in Unarmed Combat
  3783 | D:4      | Reached XP level 6. HP: 30/51 MP: 1/10
  3923 | Temple   | Entered the Ecumenical Temple
  3982 | Temple   | Became a worshipper of Uskayaw the Reveler
  4047 | D:4      | Found a shimmering altar of Xom.
  4067 | D:4      | Reached * piety under Uskayaw
  4071 | D:4      | Reached ** piety under Uskayaw
  4408 | D:4      | Reached skill level 5 in Transmutations
  4598 | D:4      | Your scales start taking on a golden yellow colour.
  4598 | D:4      | Reached XP level 7. HP: 51/58 MP: 8/11
  4598 | D:4      | Gained mutation: You are resistant to acid. (rCorr) [Yellow
                  | Draconian growth]
  4918 | D:4      | Found a burning altar of Makhleb.
  4918 | D:4      | Noticed a blizzard demon
  5002 | D:5      | Entered Level 5 of the Dungeon
  5019 | D:5      | Reached *** piety under Uskayaw
  5077 | D:5      | Found Aloficuv's Antique Weapon Shop.
  5182 | D:5      | Reached skill level 5 in Unarmed Combat
  5454 | D:5      | Found an iron altar of Okawaru.
  5467 | D:5      | Reached **** piety under Uskayaw
  5519 | D:5      | Reached XP level 8. HP: 42/67 MP: 12/12
  5710 | D:5      | Found a white marble altar of Elyvilon.
  6258 | D:6      | Reached skill level 5 in Fighting
  6419 | D:6      | Found a shimmering blue altar of Sif Muna.
  7048 | D:6      | Identified a scroll of acquirement
  7621 | D:7      | Reached skill level 6 in Unarmed Combat
  7920 | D:7      | Noticed a hippogriff
  7929 | D:7      | Reached ***** piety under Uskayaw
  7931 | D:7      | Killed a hippogriff
  7931 | D:7      | Reached XP level 9. HP: 47/75 MP: 13/13
  8146 | D:7      | Got an ancient silver ring
  8232 | D:7      | Found a sparkling altar of Nemelex Xobeh.
  8432 | D:7      | Found a runed translucent gate.
  8432 | D:7      | Found a runed translucent gate.
  8432 | D:7      | Found a runed translucent gate.
  8526 | D:7      | Noticed kae's ghost (novice DrAE)
  9101 | D:8      | Noticed a troll
  9255 | D:8      | Identified the ring "Idyodgh" {Wiz MR+} (You found it on
                  | level 7 of the Dungeon)
  9262 | D:8      | Learned a level 5 spell: Blade Hands
  9415 | D:8      | Reached skill level 7 in Unarmed Combat
  9792 | D:8      | Killed a troll
 10319 | D:9      | Reached skill level 8 in Unarmed Combat
 10745 | D:9      | Noticed a five-headed hydra
 10745 | D:9      | Noticed a manticore
 10747 | D:9      | Noticed a two-headed ogre
 10757 | D:9      | Reached XP level 10. HP: 90/90 MP: 2/14
 10764 | D:9      | Killed a two-headed ogre
 10764 | D:9      | Reached skill level 9 in Unarmed Combat
 10777 | D:9      | Killed a manticore
 10777 | D:9      | Reached ****** piety under Uskayaw
 10783 | D:9      | Killed a five-headed hydra
 10783 | D:9      | Reached skill level 10 in Fighting
 10785 | D:9      | Noticed a rakshasa
 10786 | D:9      | Noticed a brown ugly thing
 11146 | D:9      | Reached skill level 10 in Unarmed Combat
 11331 | D:9      | Identified the Incunabulum of the Shore
 11398 | D:9      | Killed a brown ugly thing
 11613 | D:9      | Killed a rakshasa
 11613 | D:9      | Reached skill level 11 in Unarmed Combat
 11613 | D:9      | Reached XP level 11. HP: 76/102 MP: 10/15
 11751 | D:9      | Got a scintillating diamond amulet
 12576 | D:10     | Entered Level 10 of the Dungeon
 12617 | D:10     | Identified the amulet "Kycix" {RegenMP rPois} (You found it
                  | on level 9 of the Dungeon)
 12642 | D:10     | Reached skill level 12 in Unarmed Combat
 12847 | D:10     | Noticed Sonja
 13400 | D:10     | Reached skill level 13 in Unarmed Combat
 13410 | D:10     | HP: 2/104 [orc warrior/+0 long sword (8)]
 13410 | D:10     | Demolished by an orc warrior

Levels and vault maps discovered:
D:1:      wheals_arrival_linesprint, layout_rooms
D:2:      layout_basic, nicolae_qazlal_general_emergency,
          chequers_temple_overflow_statue_of_worship, first_ration,
          minmay_box_of_dots
D:3:      layout_loops_ring, lemuel_doored_altar, gammafunk_ghost_gnarly_gnolls
D:4:      layout_rooms, nicolae_overflow_crystal_walls,
          makhleb_altar_promises_db, minmay_temple_entry_overgrown, uniq_sigmund
D:5:      layout_loops_ring, lemuel_crystal_altar, serial_shops, shop_statue,
          basic_altar
D:6:      layout_basic, old_standard_altar
D:7:      layout_loops_corners, nemelex_xobeh_ov_fountains_minmay,
          gammafunk_ghost_icy, grunt_ogre_cave
D:8:      layout_gridville
D:9:      minmay_the_grid_octo_2x2 [minmay_the_grid_octo_teeth,
          minmay_the_grid_octo_chip, minmay_the_grid_octo_focus,
          minmay_the_grid_octo_prize_star], layout_irregular_city,
          small_statue_intersection
D:10:     layout_roguey, david_orc_4, grunt_ministairs_15, pond, uniq_sonja,
          uniq_nergalle
Temple:   cyrus_circular_temple

Skill      XL: |  1  2  3  4  5  6  7  8  9 10 11 |
---------------+----------------------------------+-----
Fighting       | 2 3 4 6 8 11 12 | 12.2
Transmutations | 3 4 5 6 8 9 |  9.0
Unarmed Combat | 4 5 6 8 11 13 | 13.0
Spellcasting   | 3 |  3.2
Dodging        | |  1.7

Action                   |  1- 3 |  4- 6 |  7- 9 | 10-12 || total
-------------------------+-------+-------+-------+-------++-------
Melee: Unarmed           |    34 |    91 |   187 |   376 ||   688
       Tailslap          |    14 |    10 |    59 |    38 ||   121
       Headbutt          |     8 |     5 |    13 |     5 ||    31
       Short sword       |   116 |       |       |       ||   116
       Kick              |     1 |       |       |       ||     1
       Long sword        |       |    70 |   271 |       ||   341
       Punch             |       |       |     8 |    19 ||    27
 Cast: Beastly Appendage |    20 |     2 |    11 |     2 ||    35
       Spider Form       |     2 |    16 |    19 |       ||    37
       Sticks to Snakes  |       |     2 |       |       ||     2
       Blade Hands       |       |       |     4 |     9 ||    13
Invok: Stomp             |       |       |     3 |       ||     3
 Abil: Breathe Acid      |       |       |     3 |     7 ||    10
Evoke: Wand              |       |       |       |     1 ||     1
  Use: Scroll            |     5 |     2 |    18 |     4 ||    29
       Potion            |       |       |     1 |       ||     1
 Stab: Sleeping          |       |     1 |     5 |     6 ||    12
       Paralysed         |       |       |     9 |    23 ||    32
       Distracted        |       |       |     1 |       ||     1
       Confused          |       |       |       |     1 ||     1
  Eat: Chunk             |     4 |    11 |    26 |    13 ||    54
Armor: Skin              |    41 |    53 |   168 |   145 ||   407
Dodge: Dodged            |   114 |   184 |   333 |   187 ||   818
Block: Other             |       |       |    81 |    85 ||   166
       Reflection        |       |       |     2 |     3 ||     5
       Rpst.: Long sword |       |    27 |    60 |       ||    87

Table legend:
 A = Non-vault XP
 B = Vault XP
 C = Vault XP percentage of total XP
 D = Non-vault monster count
 E = Vault monster count
 F = Vault count percentage of total count
                 A         B        C        D         E       F
            +---------+---------+-------+---------+---------+-------
      Total |    9146 |    7957 |  46.5 |     261 |      48 |  15.5
            +---------+---------+-------+---------+---------+-------
        D:1 |      48 |       0 |   0.0 |      23 |       0 |   0.0
        D:2 |      18 |      17 |  48.6 |      10 |       2 |  16.7
        D:3 |     169 |       0 |   0.0 |      28 |       0 |   0.0
        D:4 |     423 |     223 |  34.5 |      22 |       1 |   4.3
        D:5 |     615 |       0 |   0.0 |      25 |       0 |   0.0
        D:6 |     676 |       0 |   0.0 |      21 |       0 |   0.0
        D:7 |     982 |     116 |  10.6 |      20 |       1 |   4.8
        D:8 |    1347 |     165 |  10.9 |      27 |       2 |   6.9
        D:9 |    2885 |    6166 |  68.1 |      45 |      23 |  33.8
       D:10 |    1983 |    1270 |  39.0 |      40 |      19 |  32.2
            +---------+---------+-------+---------+---------+-------
